Description

edited to be easier for noobs like me

Build Order

Get SALT Encoding   

  14  0:18  Pylon  
  16  0:39  Gateway  
  16  0:45  Assimilator  
  20  1:23  Cybernetics Core  scout with probe
  20  1:36  Nexus  
  21  1:41  Assimilator  
  22  1:52  Pylon  
  23  2:12  Warp Gate  
  23  2:15  Gateway  stop at 32 probe
  26  2:19  Robotics Facility  
  26  2:48  Twilight Council  
  27  2:32  Stalker  chrono, take 1 probe from gas
  34  3:18  Charge  chrono once towards the end
  34  3:34  Immortal  chrono
  36  3:08  Warp Prism  
  46  4:02  Gateway  
  46  4:08  Gateway x2  
  46  4:14  Gateway  
  46  4:16  Pylon x2  
  46  4:50  Pylon  GO ATTACK
Spawning Tool Build Advisor. Get it on Overwolf

Go to:

Details

  • Created by: asdfer4t
  • Published on: Dec 27, 2022
  • Modified on: Mar 05, 2023
  • Patch: 4.11.0
  • Difficulty: Easy
Show
View Real Time Build Order
Export as new Build Order

Comments (1)

On Aug. 22, 2023, 1:07 p.m., ZeroTool  said:

ходить в скаут против зерга в 1. 25? ну такое

Create an account to comment!